Map: Ascension to Aiur LE

Players

Juxtapose - Winner!

  • Race: Terran Terran
  • League: Gold
  • Spawn Location: 5:00

Bonk

  • Race: Terran Terran
  • League: Gold
  • Spawn Location: 11:00

VOD

https://youtu.be/sBahZerIu8o

Description

I'm immensely proud of this match, even though I certainly didn't play perfectly.

I'm pleased with the way I shut down my opponent's expansion attempts and picked away at them, and this is some of the better production I've done as Terran.

Time

  • Played on: Oct. 9, 2017, 2:40 p.m.
  • Length: 18:07
Show
View Real Time Build Order
Export as new Build Order

Juxtapose Terran - Winner!

Build Orders: MMM Bio 

Get SALT Encoding   

  12  0:01  SCV  
  13  0:13  SCV  
  14  0:20  Supply Depot  
  14  0:25  SCV  
  15  0:42  SCV  
  16  0:44  Barracks  
  16  0:48  Supply Depot  
  16  0:54  SCV  
  17  0:59  Refinery  
  17  1:06  SCV  
  19  1:18  SCV  
  19  1:26  Refinery  
  19  1:32  Orbital Command  
  19  1:34  Marine  
  20  1:52  Supply Depot  
  20  1:58  Marine  
  21  2:02  SCV  
  22  2:10  Factory  
  22  2:14  SCV  
  22  2:16  Supply Depot  
  23  2:26  SCV  
  23  2:35  Barracks Reactor  
  23  2:38  SCV  
  23  2:40  Engineering Bay  
  24  2:53  SCV  
  25  3:05  Starport  
  25  3:07  Factory Tech Lab  
  25  3:12  Marine x2  
  27  3:20  Command Center  
  27  3:26  Terran Infantry Weapons Level 1  
  27  3:33  Marine x2  
  29  3:43  Starport Reactor  
  29  3:52  Barracks  
  29  3:53  Marine x2  
  31  4:11  Missile Turret  
  31  4:13  Marine x2  
  33  4:21  Medivac  
  33  4:24  Medivac  
  37  4:34  Marine x2  
  39  4:40  Barracks Tech Lab  
  39  4:46  Orbital Command  
  39  4:55  Marine x2  
  39  4:59  Liberator x2  
  41  5:04  Orbital Command  
  41  5:19  Stimpack  
  41  5:20  Marine  
  48  5:28  Supply Depot  
  48  5:31  SCV  
  39  6:00  Marine x2  
  41  6:06  Marauder  
  41  6:07  SCV  
  41  6:10  Siege Tank  
  47  6:19  SCV  
  48  6:27  Marauder  
  48  6:29  Marine x2  
  48  6:32  SCV, Viking  
  55  6:42  Siege Tank  
  55  6:44  SCV  
  56  6:49  Marauder  
  55  7:01  SCV, Refinery  
  56  7:07  SCV  
  57  7:13  SCV  
  57  7:14  Siege Tank  
  61  7:19  SCV  
  61  7:20  Supply Depot  
  61  7:22  Terran Infantry Armor Level 1  
  62  7:29  Armory  
  62  7:30  SCV  
  62  7:31  SCV  
  62  7:36  Refinery  
  64  7:42  SCV  
  64  7:43  Supply Depot, SCV  
  64  7:44  Barracks  
  66  7:47  Siege Tank  
  66  7:50  Marine x2  
  66  7:51  Marine  
  72  8:03  SCV x2  
  74  8:10  Medivac x2  
  78  8:15  SCV x2  
  80  8:27  SCV  
  80  8:33  Barracks  
  81  8:35  Terran Vehicle Weapons Level 1  
  81  8:38  Barracks Tech Lab  
  81  8:39  SCV  
  81  8:40  Marine x3  
  81  8:41  Command Center  
  85  8:58  Marine  
  85  9:00  Supply Depot  
  86  9:16  Terran Infantry Weapons Level 2  
  86  9:21  Barracks Reactor  
  86  9:22  Marine x4, Medivac x2  
  86  9:23  Starport  
  94  9:32  Missile Turret  
  94  9:45  Supply Depot  
  94  9:48  Missile Turret  
  94  9:50  Marine x4, Siege Tank  
  94  9:52  Viking x2  
  105  9:58  Combat Shields  
  102  10:07  Marine x3  
  105  10:23  Siege Tank  
  105  10:24  Planetary Fortress  
  105  10:26  Marauder x2  
  112  10:32  Marine  
  112  10:33  Marine  
  103  10:47  Marauder x2  
  104  11:09  Marauder  
  104  11:10  SCV  
  107  11:16  Concussive Shells  
  107  11:23  SCV  
  107  11:24  Marine  
  107  11:25  Marine x2  
  111  11:27  Siege Tank  
  111  11:29  Medivac x2  
  118  11:35  SCV  
  81  11:59  Siege Tank  
  84  12:03  Liberator x2  
  79  12:08  SCV  
  79  12:12  Refinery  
  79  12:13  Refinery  
  80  12:19  Starport Tech Lab  
  80  12:20  SCV  
  80  12:22  Marine x5  
  90  12:23  Marine  
  90  12:27  Terran Infantry Armor Level 2  
  93  12:31  Siege Tank  
  96  12:40  Marine x6  
  102  12:46  Liberator  
  102  12:56  Liberator  
  102  12:57  Marine  
  102  12:58  Marine x5  
  106  13:03  Siege Tank  
  114  13:15  Marine x2  
  114  13:16  Marine x4  
  123  13:29  SCV  
  123  13:33  Marine x2  
  126  13:34  Supply Depot  
  126  13:35  Siege Tank  
  126  13:36  Marine x4  
  126  13:39  Liberator  
  133  13:56  SCV  
  133  13:58  Supply Depot  
  131  14:29  Liberator  
  116  14:41  Marine x5  
  116  14:42  Marine  
  116  14:45  Liberator, Siege Tank  
  125  14:48  Liberator  
  128  14:59  Marine x6  
  140  15:11  Liberator  
  140  15:17  Marine x5  
  145  15:24  Command Center  
  145  15:28  Liberator  
  145  15:31  Liberator  
  129  15:38  Marine x6  
  129  15:40  Siege Tank  
  124  15:54  Liberator  
  117  16:06  Marine x6  
  117  16:11  Liberator  
  123  16:12  Siege Tank  
  123  16:14  Liberator  
  125  16:23  Marine  
  125  16:24  Marine x4  
  111  16:37  Liberator  
  111  16:44  Siege Tank  
  111  16:46  Marine x2  
  111  16:47  Marine x4  
  105  17:04  Marine x4  
  105  17:05  Marine x2  
  111  17:11  Medivac  
  113  17:22  Marine x5  
  115  17:23  Marine  
  106  17:40  Marine x6  
Show
View Real Time Build Order
Export as new Build Order

Bonk Terran 

Build Orders: Mech 

Get SALT Encoding   

  12  0:00  SCV  
  13  0:16  Supply Depot  
  13  0:21  SCV  
  14  0:33  SCV  
  15  0:39  Barracks  
  15  0:43  Refinery  
  15  0:45  SCV  
  16  0:58  SCV  
  17  1:10  SCV  
  18  1:13  Supply Depot  
  18  1:22  SCV  
  19  1:27  Reaper  
  19  1:28  Supply Depot  
  20  1:34  Orbital Command  
  20  1:44  Refinery  
  20  1:50  Engineering Bay  
  20  2:00  SCV  
  21  2:12  SCV  
  22  2:17  Factory  
  22  2:25  Factory  
  22  2:26  SCV  
  23  2:38  SCV  
  24  2:49  Command Center  
  24  2:53  SCV  
  24  2:58  Barracks Tech Lab  
  24  3:02  Factory Tech Lab  
  24  3:05  SCV  
  25  3:09  Factory Reactor  
  25  3:16  Missile Turret  
  25  3:23  SCV  
  25  3:25  Missile Turret  
  26  3:30  Infernal Pre-Igniter  
  26  3:37  SCV  
  27  3:44  Armory  
  27  3:49  SCV  
  27  3:55  Hellion  
  30  4:09  Siege Tank  
  33  4:17  Missile Turret  
  33  4:19  SCV  
  34  4:27  Hellion  
  34  4:28  Hellion  
  34  4:31  SCV  
  39  4:33  Terran Vehicle Weapons Level 1  
  39  4:40  Orbital Command  
  39  4:43  SCV  
  40  4:52  Refinery  
  40  4:54  Refinery  
  40  4:57  Hellion x2  
  44  5:01  Siege Tank  
  44  5:06  SCV x2  
  49  5:18  SCV x2  
  51  5:25  Supply Depot  
  51  5:26  Hellion  
  53  5:34  Hellion x6  
  53  5:35  Hellion  
  55  5:41  Thor, Hellion  
  61  6:10  Missile Turret  
  61  6:11  Widow Mine x2  
  61  6:14  SCV x2  
  67  6:24  Missile Turret  
  67  6:26  SCV x2  
  67  6:31  Thor  
  75  6:33  Supply Depot  
  75  6:36  Supply Depot  
  75  6:39  Factory  
  68  6:56  SCV x2  
  70  7:04  Missile Turret  
  70  7:09  Hi-Sec Auto Tracking  
  70  7:10  SCV x2  
  70  7:12  Terran Vehicle Weapons Level 2  
  72  7:20  Thor  
  78  7:28  SCV x2  
  80  7:46  SCV  
  80  7:47  SCV  
  80  7:50  Factory Tech Lab  
  82  7:54  Command Center  
  82  7:56  Hellion x2  
  86  7:59  SCV  
  86  8:00  SCV  
  88  8:13  Starport  
  88  8:17  Siege Tank x2  
  94  8:31  SCV x2  
  94  8:34  Supply Depot  
  96  8:38  Supply Depot  
  96  8:43  Hellion x2  
  100  8:58  Cyclone x2  
  106  9:15  Widow Mine x2  
  110  9:17  Starport Reactor  
  110  9:26  Hellion x4  
  110  9:27  Hellion x7  
  110  10:13  Siege Tank  
  110  10:14  Siege Tank  
  116  10:16  Widow Mine x2  
  116  10:19  Viking x2  
  112  10:57  Siege Tank x2  
  118  11:29  Hellbat x2  
  118  11:31  Viking x2  
  104  12:09  Thor x2  
  116  12:25  Viking x2, Command Center  
  116  12:27  Terran Vehicle Weapons Level 3  
  116  12:29  Command Center  
  120  12:32  SCV x2  
  122  12:51  Hellbat x2  
  126  13:07  Refinery  
  126  13:09  Refinery  
  126  13:10  Refinery  
  126  13:12  Viking x2  
  126  13:13  Refinery, Siege Tank x2  
  126  13:15  Supply Depot  
  126  13:18  Supply Depot  
  136  13:28  Widow Mine x2  
  140  13:52  Viking x2  
  137  14:45  Viking x2  
  141  14:47  Thor x2  
  141  14:49  Hellbat x2  
  157  15:00  Planetary Fortress  
  80  15:57  Thor x2, Hellbat x2  
  56  16:48  Viking x2  
  56  16:51  Thor x2  
  72  17:01  Hellbat x2  
  71  17:10  Starport  
  59  17:48  Starport  
Tags
 
Composition
MMM BioMech
League
GoldGold
Matchup
TvT
Race
Terran
Spawn Locations
Cross Positions
Add a new tag
Caveats
  • Supply blocks, unpowered buildings, or Contaminate may cause inaccurate times.
  • Supply counts are checked every 10 seconds.